 Dungeon Sprint DCSS version 0.17-a0-1718-g72dbe4d (webtiles) character file.

1710 Kidiri the Protected (level 8, -7/77 HPs)
             Began as a Minotaur Fighter on Aug 24, 2015.
             Was an Elder of Okawaru.
             Mangled by a giant leech (19 damage)
             ... in the Dungeon (Sprint VII: "The Pits").
             The game lasted 00:03:17 (856 turns).

Kidiri the Protected (Minotaur Fighter)              Turns: 856, Time: 00:03:17

Health: -7/77      AC: 16    Str: 24    XL:     8   Next: 74%
Magic:  11/11      EV: 13    Int:  5    God:    Okawaru [****..]
Gold:   0          SH: 14    Dex:  9    Spells: 0 memorised, 7 levels left

rFire  . . .     SeeInvis .     a - +0 war axe
rCold  . . .     Clarity  .     u - +3 chain mail
rNeg   . . .     SustAt   .     c - +0 shield
rPois  .         Gourm    .     (helmet restricted)
rElec  .         Spirit   .     (no cloak)
rCorr  .         Warding  .     (no gloves)
rMut   .         NoTele   +     (no boots)
MR     .....                    (no amulet)
Stlth  ..........               (no ring)
                                (no ring)

@: heroism, not resistant to hostile enchantments, extremely unstealthy
A: retaliatory headbutt, horns 2
a: Heroism, Renounce Religion


You were in the Dungeon.
You worshipped Okawaru.
Okawaru was greatly pleased with you.
You were not hungry.

You visited 1 branch

Inventory:

Hand weapons
 a - a +0 war axe (weapon)
 g - a +2 mace of crushing
Armour
 c - a +0 shield (worn)
 u - a +3 chain mail (worn)
Magical devices
 s - a wand of polymorph (8)
Scrolls
 k - a scroll of blinking
 o - 3 scrolls of remove curse
 p - 5 scrolls of amnesia
 q - a scroll of summoning
Potions
 d - a potion of might
 f - 6 potions of curing
 h - a potion of haste
 i - 4 potions of magic
 j - 3 potions of berserk rage
 n - 2 potions of invisibility
 r - 5 potions of heal wounds
Comestibles
 e - 8 bread rations
 l - 40 fruits
 m - 7 meat rations


   Skills:
 + Level 8.9(13.9) Fighting
 * Level 11.2(16.2) Axes
 * Level 11.4(16.4) Armour
 + Level 7.0(12.0) Dodging
 * Level 11.4(16.4) Shields
 + Level 6.6 Invocations


You had 7 spell levels left.
You didn't know any spells.

Dungeon Overview and Level Annotations

Branches:
Dungeon (1/1)

Altars:
Ashenzari
Cheibriados
Dithmenos
Elyvilon
Fedhas
Gozag
Kikubaaqudgha
Makhleb
Nemelex Xobeh
Okawaru
Qazlal
Ru
Sif Muna
Trog
Vehumet
Xom
Yredelemnul
Zin
The Shining One
Beogh
Jiyva
Lugonu


Innate Abilities, Weirdness & Mutations

You reflexively headbutt those who attack you in melee.
You have a pair of horns on your head.


Message History

The quasit claws you but does no damage.
The quasit barely misses you. You block the giant leech's attack.
You closely miss the giant leech. You headbutt the giant leech.
The giant leech is severely wounded.
You hit the quasit.
You kill the quasit!
Okawaru accepts your kill.
You barely miss the giant leech.
You headbutt the giant leech, but do no damage.
The giant leech is severely wounded.
The giant leech bites you!!
* * * LOW HITPOINT WARNING * * *
The giant leech draws strength from your injuries!
Unknown command.
You hit the giant leech. You headbutt the giant leech!
The giant leech is severely wounded.
You closely miss the giant leech. You headbutt the giant leech!
The giant leech is almost dead.
The giant leech bites you!!
You die...

#.#..########...<...#
#.#..+[))).##.......#
#.#..#[))).##.......#
#'###########.......#
#.).)...#..##########
#.###)..#)######
#.#..)..#[#....#
#.#...#.#+#w...#
#.....#.#.@....+
#...###.#+#....#
#.......'.#....#
################


You could see a giant leech.

Vanquished Creatures
  A flayed ghost (D)
  A redback (D)
  A fire bat (D)
  Duvessa (D)
  An ice beast (D)
  A phantom (D)
  2 giant frogs (D)
  Dowan (D)
  8 wights (D)
  A quasit (D)
  A jelly (D)
  2 river rats (D)
  2 giant geckos (D)
  An orc (D)
  2 giant cockroaches (D)
  A rat (D)
27 creatures vanquished.

Notes
Turn   | Place    | Note
--------------------------------------------------------------
     0 | D        | Kidiri the Minotaur Fighter began the quest for the Orb.
     0 | D        | Reached XP level 1. HP: 19/19 MP: 0/0
    52 | D        | Found a sacrificial altar of Ru.
    52 | D        | Found a basalt altar of Yredelemnul.
    52 | D        | Found a shadowy altar of Dithmenos.
    52 | D        | Found a deep blue altar of Sif Muna.
    52 | D        | Found a burning altar of Makhleb.
    52 | D        | Found a shimmering altar of Xom.
    52 | D        | Found an ancient bone altar of Kikubaaqudgha.
    52 | D        | Found a sparkling altar of Nemelex Xobeh.
    53 | D        | Found a glowing golden altar of the Shining One.
    53 | D        | Found a bloodstained altar of Trog.
    53 | D        | Found a shattered altar of Ashenzari.
    53 | D        | Found a white marble altar of Elyvilon.
    53 | D        | Found a snail-covered altar of Cheibriados.
    53 | D        | Found a blossoming altar of Fedhas.
    53 | D        | Found a radiant altar of Vehumet.
    53 | D        | Found a glowing silver altar of Zin.
    53 | D        | Found a corrupted altar of Lugonu.
    53 | D        | Found a viscous altar of Jiyva.
    53 | D        | Found a roughly hewn altar of Beogh.
    53 | D        | Found an iron altar of Okawaru.
    59 | D        | Found a stormy altar of Qazlal.
    60 | D        | Found an opulent altar of Gozag.
    62 | D        | Became a worshipper of Warmaster Okawaru
    86 | D        | Reached skill level 4 in Fighting
    86 | D        | Reached skill level 1 in Invocations
    86 | D        | Reached XP level 2. HP: 16/27 MP: 1/1
   372 | D        | Noticed a phantom
   374 | D        | Reached skill level 1 in Dodging
   399 | D        | Killed a phantom
   399 | D        | Acquired Okawaru's first power
   399 | D        | Reached skill level 5 in Fighting
   399 | D        | Reached skill level 5 in Axes
   399 | D        | Reached skill level 6 in Armour
   399 | D        | Reached XP level 3. HP: 17/36 MP: 2/4
   399 | D        | Reached XP level 4. HP: 19/42 MP: 2/5
   559 | D        | Noticed a wight
   559 | D        | Noticed a wight
   559 | D        | Noticed a wight
   559 | D        | Noticed a jelly
   565 | D        | Killed a wight
   565 | D        | Reached XP level 5. HP: 46/49 MP: 3/6
   566 | D        | Killed a jelly
   566 | D        | Reached skill level 7 in Armour
   571 | D        | Killed a wight
   574 | D        | Noticed Duvessa
   575 | D        | Noticed a wight
   575 | D        | Noticed a giant frog
   575 | D        | Noticed an ice beast
   575 | D        | Noticed Dowan
   580 | D        | Killed a wight
   580 | D        | Reached XP level 6. HP: 46/58 MP: 5/7
   582 | D        | Killed an ice beast
   582 | D        | Reached skill level 8 in Axes
   582 | D        | Killed a giant frog
   590 | D        | Killed Duvessa
   590 | D        | Reached skill level 9 in Armour
   590 | D        | Reached skill level 5 in Dodging
   590 | D        | Reached XP level 7. HP: 41/66 MP: 6/9
   593 | D        | Killed Dowan
   612 | D        | Killed a wight
   612 | D        | Reached skill level 5 in Invocations
   614 | D        | Noticed a giant frog
   621 | D        | Killed a giant frog
   724 | D        | Noticed a fire bat
   733 | D        | Killed a fire bat
   733 | D        | Reached skill level 10 in Armour
   733 | D        | Reached skill level 10 in Shields
   738 | D        | Noticed a flayed ghost
   750 | D        | Killed a flayed ghost
   750 | D        | Reached skill level 10 in Axes
   750 | D        | Reached skill level 11 in Armour
   750 | D        | Reached XP level 8. HP: 57/75 MP: 9/11
   752 | D        | Noticed a wight
   752 | D        | Noticed a wight
   752 | D        | Noticed a wight
   752 | D        | Noticed a wight
   754 | D        | Killed a wight
   757 | D        | Killed a wight
   759 | D        | Killed a wight
   764 | D        | Killed a wight
   834 | D        | Noticed a quasit
   834 | D        | Noticed a giant leech
   834 | D        | Noticed a redback
   842 | D        | Killed a redback
   842 | D        | Received a gift from Okawaru
   853 | D        | Killed a quasit
   856 | D        | Mangled by a giant leech

Vault maps used:
D:        pitsprint

Action                   |  1- 3 |  4- 6 |  7- 9 || total
-------------------------+-------+-------+-------++-------
Melee: War axe           |    36 |    22 |    53 ||   111
       Unarmed           |       |     1 |     3 ||     4
Invok: Heroism           |       |     1 |     2 ||     3
  Use: Potion            |     1 |       |       ||     1
